 Dungeon Crawl Stone Soup version 0.29.1-12-g30fa7ad0bf (webtiles) character file.

Game seed: 13568888214616304320

53619 MisterFreud the Covert (level 14, -1/99 HPs)
             Began as a Gnoll Brigand on Dec 26, 2022.
             Was the Champion of Hepliaklqana.
             Slain by an orc knight
             ... wielding a +3 war axe
              (37 damage)
             ... on level 2 of the Orcish Mines.
             The game lasted 00:43:10 (19068 turns).

MisterFreud the Covert (Gnoll Brigand)             Turns: 19068, Time: 00:43:11

Health: -1/99      AC: 26    Str: 11    XL:     14   Next: 69%
Magic:  27/27      EV:  8    Int: 12    God:    Hepliaklqana [******]
Gold:   1241       SH:  8    Dex: 16    Spells: 27/32 levels left

rFire   + . .      SeeInvis .   z - +5 short sword "Huwum" {drain, rElec rF+ rN++ Int-3}
rCold   + + .      Faith    .   f - +1 buckler
rNeg    + + .      Spirit   .   S - +2 chain mail {rC+}
rPois   .          Reflect  .   K - +1 helmet of Celoank {Regen+ Dex+2}
rElec   +          Harm     .   c - +0 cloak
rCorr   .          Rampage  .   J - +0 pair of gloves
Will    +....                   I - +2 pair of boots
Stlth   ++........              Q - amulet of the acrobat
HPRegen 1.06/turn               s - ring of protection from cold
MPRegen 0.20/turn               y - +4 ring of protection

@: no status effects
A: reduced essence, fangs 1, strong nose, distributed training
a: Renounce Religion, Recall Ancestor, Ancestor Identity, Transference, Idealise


You were on level 2 of the Orcish Mines.
You worshipped Hepliaklqana.
Hepliaklqana was exalted by your worship.
You visited 3 branches of the dungeon, and saw 20 of its levels.
You also visited: Sewer and Ice Cave.

You collected 1605 gold pieces.
You spent 364 gold pieces at shops.

Inventory:

Hand Weapons
 a - a +0 quick blade
 z - the +5 short sword "Huwum" (weapon) {drain, rElec rF+ rN++ Int-3}
   (You found it on level 4 of the Dungeon)

   A truly terrible weapon, it drains the life of any living foe it strikes.
   Int:       It affects your intelligence (-3).
   rF:        It protects you from fire.
   rElec:     It insulates you from electricity.
   rN:        It greatly protects you from negative energy.
Missiles
 d - 42 poisoned darts (quivered)
 e - 9 curare-tipped darts
 k - 14 boomerangs
Armour
 c - a +0 cloak (worn)
 f - a +1 buckler (worn)
 w - a +1 robe of resistance
 I - a +2 pair of boots (worn)
 J - a +0 pair of gloves (worn)
 K - the +1 helmet of Celoank (worn) {Regen+ Dex+2}
   (You found it on level 5 of the Dungeon)

   Dex:       It affects your dexterity (+2).
   Regen:     It increases your rate of health regeneration.
 O - a +0 robe of willpower
 S - a +2 chain mail of cold resistance (worn)
Jewellery
 h - a ring of resist corrosion
 s - a ring of protection from cold (left hand)
 y - a +4 ring of protection (right hand)
 E - an amulet of reflection
 M - a ring of protection from fire
 Q - an amulet of the acrobat (around neck)
Wands
 b - a wand of digging (13)
 A - a wand of flame (6)
 G - a wand of paralysis (16)
 L - a wand of polymorph (19)
 P - a wand of quicksilver (9)
 W - a wand of roots (13)
Scrolls
 n - 3 scrolls of teleportation
 x - 2 scrolls of enchant armour
 C - 4 scrolls of magic mapping
 D - a scroll of summoning
 N - a scroll of fog
 R - a scroll of fear
 X - 2 scrolls of amnesia
 Z - 3 scrolls of enchant weapon
Potions
 g - 11 potions of curing
 i - 4 potions of heal wounds
 j - 3 potions of attraction
 l - a potion of berserk rage {unknown}
 o - 2 potions of mutation
 p - 2 potions of haste
 q - 2 potions of resistance
 r - 2 potions of cancellation
 t - 3 potions of flight
 v - 3 potions of might
 B - 3 potions of ambrosia
 F - a potion of invisibility
 H - a potion of lignification
 U - 4 potions of brilliance
 V - 2 potions of magic {unknown}
Miscellaneous
 u - a condenser vane (inert)
 T - a lightning rod (4/4)
 Y - a phial of floods


   Skills:
 + Level 10.8 Fighting
 + Level 10.8 Short Blades
 + Level 9.8 Long Blades
 + Level 9.8 Axes
 + Level 9.8 Maces & Flails
 + Level 9.8 Polearms
 + Level 9.8 Staves
 + Level 9.8 Ranged Weapons
 + Level 10.8 Throwing
 + Level 9.8 Armour
 + Level 10.1 Dodging
 + Level 12.4 Stealth
 + Level 9.8 Shields
 + Level 9.8 Unarmed Combat
 + Level 9.8 Spellcasting
 + Level 8.2 Conjurations
 + Level 8.2 Hexes
 + Level 8.2 Summonings
 + Level 8.2 Necromancy
 + Level 8.2 Translocations
 + Level 8.2 Transmutations
 + Level 8.2 Fire Magic
 + Level 8.2 Ice Magic
 + Level 8.2 Air Magic
 + Level 8.2 Earth Magic
 + Level 8.2 Poison Magic
 + Level 10.6 Invocations
 + Level 9.8 Evocations


You had 27 spell levels left.
You knew the following spells:

 Your Spells              Type           Power      Damage    Failure   Level
a - Borgnjor's Vile Clut  Necr/Erth      12%        N/A       98%         5

Your spell library contained the following spells:

 Spells                   Type           Power      Damage    Failure   Level
 Apportation              Tloc           50%        N/A       14%         1
 Freeze                   Ice            100%       1d11      14%         1
 Necrotise                Necr           100%       1d9       14%         1
 Shock                    Conj/Air       100%       1d9       14%         1
 Summon Small Mammal      Summ           100%       N/A       14%         1
 Frozen Ramparts          Ice            50%        1d8       38%         3
 Gell's Gravitas          Tloc           25%        N/A       38%         3
 Lesser Beckoning         Tloc           25%        N/A       38%         3
 Summon Guardian Golem    Hex/Summ       25%        N/A       38%         3
 Swiftness                Air            25%        N/A       38%         3
 Teleport Other           Tloc           25%        N/A       38%         3
 Airstrike                Air            12%        2d(2-18)  80%         4
 Anguish                  Hex/Necr       12%        N/A       80%         4
 Animate Dead             Necr           25%        N/A       80%         4
 Hailstorm                Conj/Ice       25%        3d7       80%         4
 Ice Form                 Ice/Tmut       25%        N/A       80%         4
 Petrify                  Tmut/Erth      25%        N/A       80%         4
 Metabolic Englaciation   Hex/Ice        12%        N/A       98%         5
 Death Channel            Necr           12%        N/A       100%        6
 Simulacrum               Ice/Necr       12%        N/A       100%        6
 Statue Form              Tmut/Erth      16%        N/A       100%        6
 Enfeeble                 Hex            12%        N/A       100%        7
 Haunt                    Necr/Summ      12%        N/A       100%        7
 Orb of Destruction       Conj           12%        9d7       100%        7
 Spellforged Servitor     Conj/Summ      12%        N/A       100%        7
 Infestation              Necr           12%        N/A       100%        8


Dungeon Overview and Level Annotations

Branches:
Dungeon (13/15) Temple (0/1) D:7 Lair (5/5) D:11 Shoals (0/4) Lair:2 Spider (0/4) Lair:2 Slime (0/5) Lair:4 Orc (2/2) D:12 Vaults (0/5) D:12 D:13 Sewer (visited) IceCv (visited) Elf: Orc:2

Altars:
Dithmenos
Hepliaklqana
Ru
Sif Muna
Vehumet
Wu Jian
Yredelemnul

Shops:
D:8 =:([(!   D:10 [

Annotations:
D:5 3 runed translucent doors, kwasso's ghost, novice DsIE
D:13 Rupert; Urug
Lair:4 exclusion: 2 oklob plants


Innate Abilities, Weirdness & Mutations

Your life essence is reduced to manifest your ancestor. (-10% HP)
You have very sharp teeth.
Your uncanny sense of smell can sniff out nearby items.
Your experience applies equally to all skills.


Message History

Unknown command.
Unknown command.
Aiming: Polymorph
Press: ? - help, Shift-Dir - straight line, f - orc warrior
Aim: an orc warrior, wielding a +2 arbalest of flaming and wearing a +0 chain mail (strong, will become a naga, a frilled lizard, or a kobold, chance to affect: 71%)
The orc warrior evaporates and reforms as a frilled lizard!
The orc high priest is engulfed in poison gas.
The orc high priest looks as sick as possible!
The orc high priest hits you with a +3 scimitar.
The orc knight is engulfed in poison gas.
The orc knight looks as sick as possible!
You block the orc knight's attack.
The orc knight is engulfed in poison gas.
The orc knight looks as sick as possible!
The orc knight hits you with a +3 war axe.
Unknown command.
Unknown command.
You feel much better. The warg bites you.
An orc comes into view. It is wielding a +0 hand axe.
An orc comes into view. It is wielding a +0 flail.
The orc knight is engulfed in poison gas.
The orc knight looks as sick as possible!
The orc knight hits you with a +3 war axe!
The orc high priest is engulfed in poison gas.
The orc high priest looks as sick as possible!
The orc high priest hits you but does no damage.
The orc knight is engulfed in poison gas.
The orc knight looks as sick as possible!
The orc knight roars a battlecry!
The orcs go into a battle-frenzy!
You closely miss the orc high priest.
The orc high priest is almost dead.
The warg bites you but does no damage.
Unknown command.
You barely miss the orc high priest.
The orc high priest is almost dead.
The orc knight is engulfed in poison gas.
The orc knight looks as sick as possible!
The orc knight hits you with a +3 war axe!!!
You die...

###########
#§§§§...... ∆
#8§§§§8..8.
∆∆#8§§§§§....
∆+§§§§§§{o..
∆∆#8§§§§§o.o.
∆ #8ooo§8..8.
#§§@h§§l..o
###########
#### .#...
...... #
...... .
......# .
....... .
#..$.R#.
#....<.


You could see 2 orc knights, an orc high priest (strong, extremely poisoned), a
warg, 4 orcs and a frilled lizard.

Vanquished Creatures
  Snorg (Lair:5)
  3 hydras
  A centaur warrior (D:12)
  3 catoblepae
  8 two-headed ogres
  2 death yaks
  A goliath frog (Lair:1)
  A deep elf pyromancer (D:12)
  2 ugly things (D:12)
  An oklob plant (D:11)
  2 orc sorcerers (Orc:2)
  A cyclops (D:11)
  3 elephants (Lair:2)
  A black mamba (Lair:4)
  2 merfolk sirens (Lair:2)
  An ice statue (IceCv)
  8 cane toads
  6 rime drakes
  3 ice devils
  11 komodo dragons
  An anaconda simulacrum (IceCv)
  3 trolls
  2 polar bears
  Grinder (D:6)
  A hornet (D:9)
  16 blink frogs
  7 dream sheep
  Sigmund (D:6)
  25 yaks
  A basilisk (Lair:4)
  A shadow (D:11)
  Eustachio (D:5)
  A wraith (D:10)
  6 humans (D:12)
  2 death yak simulacra (IceCv)
  Menkaure (D:6)
  2 hydra simulacra (IceCv)
  Duvessa (D:6)
  9 water moccasins
  5 orc warriors
  A sky beast (D:6)
  An ice beast (D:8)
  3 black bears
  2 centaurs
  6 ogres
  24 wolves
  A phantom (D:7)
  3 kobold brigands (Sewer)
  4 bullfrogs
  2 cane toad simulacra
  8 two-headed ogre simulacra (IceCv)
  3 scorpions
  8 wights
  Dowan (D:6)
  5 killer bees
  An elephant simulacrum (IceCv)
  6 howler monkeys
  5 electric eels
  A hexer (IceCv)
  3 hounds
  An orc priest (D:5)
  A gnoll bouda (D:7)
  2 jellies
  Ijyb (D:5)
  2 hell rats (Lair:4)
  5 iguanas
  9 orc wizards
  A troll simulacrum (IceCv)
  6 spriggan simulacra (IceCv)
  3 polar bear simulacra (IceCv)
  14 gnolls
  2 naga simulacra (IceCv)
  6 adders
  A shadow imp (D:5)
  6 white imps (IceCv)
  3 ufetubi (IceCv)
  3 worms
  A dart slug (D:3)
  30 orcs
  4 bats
  2 endoplasms
  2 giant cockroaches
  2 goblins (D:3)
  6 hobgoblins
  6 jackals (D:1)
  30 kobolds
  4 quokkas
  5 ball pythons
  3 frilled lizards (D:1)
  14 rats
411 creatures vanquished.

Vanquished Creatures (collateral kills)
  Sonja (Lair:5)
  A merfolk siren (Lair:2)
  3 elephants (Lair:2)
  A rime drake (Lair:1)
  An unseen horror (D:10)
  6 cane toads
  A komodo dragon (Lair:5)
  A merfolk (Lair:2)
  A polar bear (Lair:3)
  6 dream sheep
  3 blink frogs
  9 yaks
  4 vampires (D:12)
  A basilisk (Lair:5)
  An acid dragon (D:12)
  3 orc warriors
  8 wolves
  2 kobold brigands
  A gnoll sergeant (D:9)
  2 bullfrogs (Lair:1)
  A two-headed ogre simulacrum (IceCv)
  5 wights
  A killer bee (D:10)
  An elephant simulacrum (IceCv)
  2 electric eels (D:7)
  An orc priest (D:7)
  2 hell rats (Lair:4)
  An orc wizard (D:8)
  A troll simulacrum (IceCv)
  A spriggan simulacrum (IceCv)
  3 gnolls
  A naga simulacrum (IceCv)
  2 ufetubi (IceCv)
  7 orcs
  4 kobolds
89 creatures vanquished.

Vanquished Creatures (others)
  A wolf (Lair:4)
  An ancestor (D:8)
  13 hexers
  24 fungi
  24 plants
  9 withered plants (Lair:5)
72 creatures vanquished.

Grand Total: 572 creatures vanquished

Notes
Turn   | Place    | Note
-------+----------+-------------------------------------------
     0 | D:1      | MisterFreud the Gnoll Brigand began the quest for the Orb.
     0 | D:1      | Reached XP level 1. HP: 20/20 MP: 1/1
   223 | D:1      | Reached XP level 2. HP: 19/26 MP: 2/2
  1027 | D:2      | Reached XP level 3. HP: 26/31 MP: 3/3
  1625 | D:2      | Reached skill level 1 in Invocations
  2134 | D:3      | Reached skill level 1 in Long Blades
  2134 | D:3      | Reached skill level 1 in Axes
  2134 | D:3      | Reached skill level 1 in Maces & Flails
  2134 | D:3      | Reached skill level 1 in Polearms
  2134 | D:3      | Reached skill level 1 in Staves
  2134 | D:3      | Reached skill level 1 in Ranged Weapons
  2134 | D:3      | Reached skill level 1 in Armour
  2134 | D:3      | Reached skill level 1 in Shields
  2134 | D:3      | Reached skill level 1 in Unarmed Combat
  2134 | D:3      | Reached skill level 1 in Spellcasting
  2134 | D:3      | Reached skill level 1 in Evocations
  2226 | D:3      | Reached XP level 4. HP: 29/38 MP: 5/5
  2343 | D:3      | Found an ornate altar of the Wu Jian Council.
  2815 | D:4      | Reached skill level 1 in Conjurations
  2815 | D:4      | Reached skill level 1 in Hexes
  2815 | D:4      | Reached skill level 1 in Summonings
  2815 | D:4      | Reached skill level 1 in Necromancy
  2815 | D:4      | Reached skill level 1 in Translocations
  2815 | D:4      | Reached skill level 1 in Transmutations
  2815 | D:4      | Reached skill level 1 in Fire Magic
  2815 | D:4      | Reached skill level 1 in Ice Magic
  2815 | D:4      | Reached skill level 1 in Air Magic
  2815 | D:4      | Reached skill level 1 in Earth Magic
  2815 | D:4      | Reached skill level 1 in Poison Magic
  3184 | D:4      | Reached XP level 5. HP: 35/43 MP: 7/7
  3479 | D:4      | Reached skill level 8 in Stealth
  3651 | D:4      | Reached skill level 5 in Fighting
  3651 | D:4      | Reached skill level 5 in Short Blades
  3651 | D:4      | Reached skill level 5 in Throwing
  3651 | D:4      | Reached XP level 6. HP: 51/51 MP: 7/9
  4385 | D:4      | Reached XP level 7. HP: 56/56 MP: 10/10
  4389 | D:4      | Identified the +5 short sword "Huwum" {drain, rElec rF+
                  | rN++ Int-3}
  4952 | D:5      | Entered Level 5 of the Dungeon
  5136 | D:5      | Reached XP level 8. HP: 21/63 MP: 12/12
  5448 | D:5      | Noticed Eustachio
  5468 | D:5      | Killed Eustachio
  6107 | D:5      | Found a shimmering blue altar of Sif Muna.
  6112 | D:5      | Identified the +1 helmet of Celoank {Regen+ Dex+2}
  6146 | D:5      | Found a hazy altar of Hepliaklqana.
  6201 | D:5      | Noticed Ijyb
  6204 | D:5      | Found a runed translucent gate.
  6205 | D:5      | Found a runed translucent gate.
  6206 | D:5      | Found a runed translucent gate.
  6206 | D:5      | Noticed kwasso's ghost (novice DsIE)
  6207 | D:5      | Identified the +1 dagger of Shifting Painful Death {spect,
                  | rF+}
  6208 | D:5      | Killed Ijyb
  6261 | D:5      | Became a worshipper of Hepliaklqana the Forgotten
  6580 | D:6      | Found a basalt altar of Yredelemnul.
  6599 | D:6      | Found a glowing drain.
  6623 | Sewer    | Entered a sewer
  6976 | D:6      | Noticed Grinder
  7003 | D:6      | Paralysed by Grinder for 2 turns
  7017 | D:6      | Paralysed by Grinder for 4 turns
  7022 | D:6      | Killed Grinder
  7023 | D:6      | Reached XP level 9. HP: 69/69 MP: 14/14
  7113 | D:6      | Noticed Menkaure
  7123 | D:6      | Killed Menkaure
  7180 | D:6      | Noticed Sigmund
  7192 | D:6      | Killed Sigmund
  7193 | D:6      | Reached skill level 5 in Dodging
  7264 | D:6      | Reached * piety under Hepliaklqana
  7264 | D:6      | Noticed Duvessa
  7265 | D:6      | Noticed Dowan
  7275 | D:6      | Killed Duvessa
  7276 | D:6      | Reached skill level 9 in Stealth
  7280 | D:6      | Killed Dowan
  7615 | D:7      | Reached skill level 5 in Invocations
  8235 | D:7      | Found a staircase to the Ecumenical Temple.
  8375 | D:8      | Noticed a two-headed ogre
  8430 | D:8      | Found Rexozxaa's Book Emporium.
  8435 | D:8      | Reached ** piety under Hepliaklqana
  8436 | D:8      | Remembered your ancestor Shedsu-nefertum as a hexer
  8515 | D:8      | Noticed a two-headed ogre
  8520 | D:8      | Found Vempuim's Weapon Shoppe.
  8530 | D:8      | Found Rikar's Distillery.
  8546 | D:8      | Reached skill level 5 in Long Blades
  8546 | D:8      | Reached skill level 5 in Axes
  8546 | D:8      | Reached skill level 5 in Maces & Flails
  8546 | D:8      | Reached skill level 5 in Polearms
  8546 | D:8      | Reached skill level 5 in Staves
  8546 | D:8      | Reached skill level 5 in Ranged Weapons
  8546 | D:8      | Reached skill level 5 in Armour
  8546 | D:8      | Reached skill level 5 in Shields
  8546 | D:8      | Reached skill level 5 in Unarmed Combat
  8546 | D:8      | Reached skill level 5 in Spellcasting
  8546 | D:8      | Reached skill level 5 in Evocations
  8546 | D:8      | Reached XP level 10. HP: 44/68 MP: 17/17
  8595 | D:8      | Killed a two-headed ogre
  8689 | D:8      | Bought a potion of lignification for 42 gold pieces
  8689 | D:8      | Bought a potion of heal wounds for 70 gold pieces
  8689 | D:8      | Bought a potion of heal wounds for 70 gold pieces
  8689 | D:8      | Bought a potion of heal wounds for 70 gold pieces
  8689 | D:8      | Bought a potion of ambrosia for 112 gold pieces
  8715 | D:8      | Found Benkunn's Antique Armour Emporium.
  8742 | D:8      | Found Nycvamm's Antique Weapon Shop.
  8802 | D:8      | Found Koosm's One-of-a-Kind Rings.
  8973 | D:8      | Killed a two-headed ogre
  9190 | D:9      | Found a radiant altar of Vehumet.
  9230 | D:9      | Found a sacrificial altar of Ru.
  9574 | D:9      | Reached skill level 5 in Conjurations
  9574 | D:9      | Reached skill level 5 in Hexes
  9574 | D:9      | Reached skill level 5 in Summonings
  9574 | D:9      | Reached skill level 5 in Necromancy
  9574 | D:9      | Reached skill level 5 in Translocations
  9574 | D:9      | Reached skill level 5 in Transmutations
  9574 | D:9      | Reached skill level 5 in Fire Magic
  9574 | D:9      | Reached skill level 5 in Ice Magic
  9574 | D:9      | Reached skill level 5 in Air Magic
  9574 | D:9      | Reached skill level 5 in Earth Magic
  9574 | D:9      | Reached skill level 5 in Poison Magic
  9630 | D:9      | Reached XP level 11. HP: 76/76 MP: 20/20
  9682 | D:9      | Reached *** piety under Hepliaklqana
  9783 | D:10     | Entered Level 10 of the Dungeon
  9804 | D:10     | Reached skill level 10 in Stealth
  9864 | D:10     | Noticed a two-headed ogre
  9870 | D:10     | Killed a two-headed ogre
 10006 | D:10     | Found Eriedobb's Antique Armour Shop.
 10593 | D:11     | Reached **** piety under Hepliaklqana
 10689 | D:11     | Noticed an oklob plant
 10724 | D:11     | Noticed a two-headed ogre
 10727 | D:11     | Noticed a two-headed ogre
 10741 | D:11     | Killed a two-headed ogre
 10744 | D:11     | Killed a two-headed ogre
 10839 | D:11     | Noticed a two-headed ogre
 10841 | D:11     | Killed a two-headed ogre
 10943 | D:11     | Noticed a cyclops
 10954 | D:11     | Killed a cyclops
 11014 | D:11     | Found a staircase to the Lair.
 11340 | D:12     | Noticed a two-headed ogre
 11340 | D:12     | Noticed a deep elf pyromancer
 11345 | D:11     | Killed a two-headed ogre
 11363 | D:11     | Killed an oklob plant
 11377 | Lair:1   | Entered Level 1 of the Lair of Beasts
 11412 | Lair:1   | Noticed a six-headed hydra
 11418 | Lair:1   | Noticed a goliath frog
 11418 | Lair:1   | a six-headed hydra changed into a goliath frog
 11423 | Lair:1   | Killed a goliath frog
 11424 | Lair:1   | Reached XP level 12. HP: 84/84 MP: 22/22
 11733 | Lair:1   | Found a frozen archway.
 11764 | IceCv    | Entered an ice cave
 12606 | IceCv    | HP: 3/84 [anaconda simulacrum (12)]
 12837 | IceCv    | Noticed a reaper
 13209 | Lair:1   | Reached skill level 11 in Stealth
 13833 | Lair:2   | Reached XP level 13. HP: 78/90 MP: 25/25
 13859 | Lair:2   | Found a shadowy altar of Dithmenos.
 13907 | Lair:2   | Found a hole to the Spider Nest.
 13923 | Lair:2   | Reached ***** piety under Hepliaklqana
 14154 | Lair:2   | Found a staircase to the Shoals.
 15486 | Lair:4   | Reached skill level 10 in Fighting
 15486 | Lair:4   | Reached skill level 10 in Short Blades
 15486 | Lair:4   | Reached skill level 10 in Throwing
 16032 | Lair:4   | Reached XP level 14. HP: 98/99 MP: 27/27
 16093 | Lair:4   | Reached skill level 10 in Invocations
 16113 | Lair:4   | Found a staircase to the Slime Pits.
 16537 | Lair:4   | Reached skill level 12 in Stealth
 16688 | Lair:5   | Entered Level 5 of the Lair of Beasts
 16933 | Lair:5   | Noticed Sonja
 16948 | Lair:5   | Killed Sonja
 17186 | Lair:5   | Learned a level 5 spell: Borgnjor's Vile Clutch
 17281 | Lair:5   | Noticed Snorg
 17286 | Lair:5   | Killed Snorg
 17439 | Lair:5   | Noticed a dire elephant
 17439 | Lair:5   | Noticed a dire elephant
 17440 | Lair:5   | Noticed a dire elephant
 17440 | Lair:5   | Noticed a dire elephant
 17908 | D:12     | Reached skill level 10 in Dodging
 18200 | D:12     | Found a staircase to the Orcish Mines.
 18765 | D:13     | Noticed Urug
 18765 | D:13     | Noticed Rupert
 18765 | D:13     | Found a gate to the Vaults.
 18901 | Orc:1    | Entered Level 1 of the Orcish Mines
 18901 | Orc:1    | Reached ****** piety under Hepliaklqana
 19052 | Orc:2    | Entered Level 2 of the Orcish Mines
 19068 | Orc:2    | Slain by an orc knight

Illustrated notes

Levels and vault maps discovered:
D:1:      lemuel_arrival_broad_hall, layout_basic
D:2:      layout_rooms
D:3:      minmay_skewed_foursquare, layout_rooms, nzn_wu_jian_council_hall,
          dk_noncrumbling_2
D:4:      layout_layer_cave, amethyst_killhole
D:5:      layout_gridville, mainiacjoe_overflow_two_lobes,
          biasface_ghost_orc_armoury, uniq_ijyb, uniq_eustachio
D:6:      layout_loops_cross, nicolae_overflow_hidden_temple,
          cheibrodos_sewer_entry_bend, dreamdust_princess_bridge, uniq_duvessa,
          uniq_sigmund, uniq_grinder, uniq_menkaure
D:7:      layout_loops_cross, temple_green, kennysheep_boxes
D:8:      layout_loops_ring, serial_shops, nicolae_shop_trees,
          kennysheep_little_box, shop, kennysheep_mini, shop,
          reono_crystal_passage, nicolae_shop_unique_rings, minmay_diced_spiral
D:9:      layout_roguey, nicolae_overflow_squiral
D:10:     layout_gridville, serial_shops, shop
D:11:     layout_basic, dpeg_oklobed_lair
D:12:     layout_basic, david_orc_2
D:13:     layout_roguey [special_room_orc], david_vaults_3
Lair:1:   layout_loops_ring, gauntlet_entry_generic,
          portal_ice_cave_demonic_guard, chequers_serial_rivers_small_b
Lair:2:   layout_gridlike, elwin_shoals_entry_stream,
          spider_nest_entry_web_field, basic_altar,
          chequers_serial_rivers_micro_a, hibernation_bobbens
Lair:3:   layout_concentric_octagons, gammafunk_lair_bear_cave,
          grunt_megastairs_1
Lair:4:   layout_regular_city, minmay_slime_entry_oklob_open,
          cheibrodos_lair_caveside_slide, minivault_27,
          grunt_forest_large_clearings
Lair:5:   due_jungle_book, layout_regular_city, columned_hall_lemuel,
          minmay_lair_drake_nest, lemuel_fruit_tree, uniq_sonja, uniq_snorg
Orc:1:    layout_caves, nicolae_shop_self_help
Orc:2:    st_orc_open, layout_diamond_mine, lightli_church_of_beogh

Skill      XL: |  1  2  3  4  5  6  7  8  9 10 11 12 13 14 |
---------------+-------------------------------------------+-----
Invocations    | 1 2 3 4 5 6 7 8 9 10 | 10.6
Long Blades    | 1 2 3 5 6 7 8 9 |  9.8
Axes           | 1 2 3 5 6 7 8 9 |  9.8
Maces & Flails | 1 2 3 5 6 7 8 9 |  9.8
Polearms       | 1 2 3 5 6 7 8 9 |  9.8
Staves         | 1 2 3 5 6 7 8 9 |  9.8
Ranged Weapons | 1 2 3 5 6 7 8 9 |  9.8
Armour         | 1 2 3 5 6 7 8 9 |  9.8
Shields        | 1 2 3 5 6 7 8 9 |  9.8
Unarmed Combat | 1 2 3 5 6 7 8 9 |  9.8
Spellcasting   | 1 2 3 5 6 7 8 9 |  9.8
Evocations     | 1 2 3 5 6 7 8 9 |  9.8
Conjurations   | 1 2 3 4 5 6 7 8 |  8.2
Hexes          | 1 2 3 4 5 6 7 8 |  8.2
Summonings     | 1 2 3 4 5 6 7 8 |  8.2
Necromancy     | 1 2 3 4 5 6 7 8 |  8.2
Translocations | 1 2 3 4 5 6 7 8 |  8.2
Transmutations | 1 2 3 4 5 6 7 8 |  8.2
Fire Magic     | 1 2 3 4 5 6 7 8 |  8.2
Ice Magic      | 1 2 3 4 5 6 7 8 |  8.2
Air Magic      | 1 2 3 4 5 6 7 8 |  8.2
Earth Magic    | 1 2 3 4 5 6 7 8 |  8.2
Poison Magic   | 1 2 3 4 5 6 7 8 |  8.2
Dodging        | 3 4 5 6 7 8 9 10 | 10.1
Stealth        | 8 9 10 11 12 | 12.4
Fighting       | 5 6 7 8 9 10 | 10.8
Short Blades   | 5 6 7 8 9 10 | 10.8
Throwing       | 5 6 7 8 9 10 | 10.8

Action                   |  1- 3 |  4- 6 |  7- 9 | 10-12 | 13-15 || total
-------------------------+-------+-------+-------+-------+-------++-------
Melee: Dagger            |   133 |   135 |       |       |       ||   268
       Bite              |    10 |    10 |    39 |   138 |   129 ||   326
       Short sword       |       |       |   317 |   786 |   900 ||  2003
Throw: Dart              |       |    31 |    13 |     4 |       ||    48
 Cast: Borgnjor's Vile C |       |       |       |       |     1 ||     1
Invok: Ancestor Life: He |       |       |     1 |       |       ||     1
       Recall Ancestor   |       |       |       |     3 |     4 ||     7
Evoke: Wand              |       |       |     3 |    10 |    13 ||    26
       Condenser vane    |       |       |       |     1 |     1 ||     2
  Use: Scroll            |     5 |     2 |     6 |     9 |     9 ||    31
       Potion            |       |       |       |     2 |     3 ||     5
 Stab: Sleeping          |     9 |     6 |    22 |     9 |     8 ||    54
       Distracted        |     1 |       |     2 |    16 |    16 ||    35
       Confused          |       |       |       |    18 |    24 ||    42
Armor: Robe              |    18 |     8 |    93 |   104 |   109 ||   332
       Chain mail        |       |       |       |       |   122 ||   122
Dodge: Dodged            |    57 |    45 |   143 |   290 |   422 ||   957
Block: Buckler           |    17 |    21 |    74 |   175 |   235 ||   522
